 Dungeon Crawl Stone Soup version 0.31-b1-18-g61460d1e46 (webtiles) character file.

Game seed: 9719265636916707371

3597 groovy9 the Destroyer (level 9, -3/45 HPs)
             Began as a Deep Elf Conjurer on Jan 17, 2024.
             Was a Follower of Vehumet.
             Killed from afar by a gargoyle (21 damage)
             ... with a stone arrow
             ... on level 7 of the Dungeon.
             The game lasted 00:20:56 (6705 turns).

groovy9 the Destroyer (Deep Elf Conjurer)           Turns: 6705, Time: 00:20:57

Health: -3/45      AC:  5    Str:  4    XL:     9   Next: 85%
Magic:  3/25       EV: 12    Int: 34    God:    Vehumet [*.....]
Gold:   318        SH:  0    Dex: 13    Spells: 18/29 levels left

rFire   + . .        e - staff of death
rCold   + . .        (no shield)
rNeg    + . .        j - +2 robe {rC+ rF+}
rPois   .            w - +0 helmet
rElec   .            (no cloak)
rCorr   .            (no gloves)
SInv    .            (no boots)
Will    .....        (no amulet)
Stlth   ++           k - +6 ring of intelligence
HPRegen 0.27/turn    (no ring)
MPRegen 0.19/turn

%: no passive effects
@: very slightly contaminated, slowed, very slow
A: no striking features
a: Renounce Religion


You were on level 7 of the Dungeon.
You worshipped Vehumet.
Vehumet was aware of your devotion.
You visited 2 branches of the dungeon, and saw 8 of its levels.

You collected 318 gold pieces.

Inventory:

Missiles
 v - a throwing net
Armour
 j - a +2 robe of resistance (worn)
 s - a +3 leather armour of willpower
 w - a +0 helmet (worn)
 y - the +5 chain mail "Dimiuxor" {^Contam rPois rC+++ Dex-4}
   (You took it off an orc on level 5 of the Dungeon)

   Dex-4:     It affects your dexterity (-4).
   rC+++:     It renders you almost immune to cold.
   rPois:     It protects you from poison ^Contam: It causes magical
   contamination when unequipped.
Magical Staves
 e - a staff of death (weapon)
Jewellery
 k - a +6 ring of intelligence (left hand)
Wands
 t - a wand of roots (9)
Scrolls
 a - 2 scrolls of immolation
 l - 2 scrolls of enchant armour {unknown}
 o - 2 scrolls of enchant weapon {unknown}
 q - 2 scrolls of poison {unknown}
 z - a scroll of revelation {unknown}
Potions
 c - 2 potions of haste {unknown}
 d - 2 potions of brilliance {unknown}
 h - a potion of degeneration {unknown}
 i - a potion of mutation {unknown}
 n - 2 potions of heal wounds {unknown}
 p - a potion of resistance {unknown}
 r - a potion of berserk rage {unknown}
 u - a potion of ambrosia {unknown}
 x - a potion of enlightenment {unknown}
 A - a potion of lignification {unknown}


   Skills:
 * Level 3.3 Armour
 - Level 2.4 Dodging
 - Level 2.4 Stealth
 + Level 10.6 Spellcasting
 * Level 12.7 Conjurations


You had 18 spell levels left.
You knew the following spells:

 Your Spells              Type           Power      Damage    Failure   Level
a - Magic Dart            Conj           100%       1d8       0%          1
b - Searing Ray           Conj           100%       2d8       1%          2
c - Fulminant Prism       Conj/Alch      28%        3d14      1%          4
d - Iskenderun's Mystic   Conj/Tloc      57%        2d12      1%          4

Your spell library contained the following spells:

 Spells                   Type           Power      Damage    Failure   Level
 Foxfire                  Conj/Fire      100%       2x1d9     1%          1
 Static Discharge         Conj/Air       100%       3-8/arc   1%          2
 Cigotuvi's Dreadful Rot  Necr/Alch/Air  54%        N/A       3%          2
 Tukima's Dance           Hex            18%        N/A       8%          3
 Airstrike                Air            9%         2d(2-18)  26%         4
 Dispel Undead            Necr           27%        3d13      26%         4
 Martyr's Knell           Necr/Summ      27%        N/A       26%         4
 Passage of Golubria      Tloc           18%        N/A       26%         4
 Summon Lightning Spire   Summ/Air       18%        N/A       26%         4
 Yara's Violent Unravell  Hex/Alch       9%         3d6       56%         5
 Death Channel            Necr           13%        N/A       98%         6


Dungeon Overview and Level Annotations

Branches:
Dungeon (7/15)             Temple (1/1) D:5

Altars:
Ashenzari
Cheibriados
Fedhas
Gozag
Hepliaklqana
Kikubaaqudgha
Nemelex Xobeh
Okawaru
Ru
Sif Muna
Trog
Uskayaw
Vehumet
Wu Jian
Xom
Yredelemnul

Shops:
D:4 (   D:7 *


Message History

The kobold brigand hits you but does no damage.
Casting: Searing Ray (safe; 1% risk of failure)
Confirm with . or Enter, or press ? or * to list all spells.
Aiming: Searing Ray (safe; 1% risk of failure)
Press: ? - help, Shift-Dir - straight line, f/p - kobold brigand
Aim: a kobold brigand, wielding a +0 club and quivering curare-tipped darts (heavily wounded, 79% to hit)
The searing ray hits the kobold brigand.
The kobold brigand is severely wounded. (Press . to maintain the ray.)
The kobold shouts! x2; You hear a shout!
The kobold brigand hits you with a +0 club.
You hear a shout! x2
Casting: Searing Ray (safe; 1% risk of failure)
Confirm with . or Enter, or press ? or * to list all spells.
You miscast Iskenderun's Mystic Blast.
You are very lightly contaminated with residual magic.
The floor and the ceiling briefly switch places.
You are magically locked in place.
You are no longer firmly anchored in space.
You are no longer robbed of momentum.
The kobold brigand hits you with a +0 club. x2
* * * LOW HITPOINT WARNING * * *
The kobold barely misses you.
Casting: Iskenderun's Mystic Blast (dangerous; 1% risk of failure)
Confirm with . or Enter, or press ? or * to list all spells.
You erupt in a blast of force!
The mystic blast hits the kobold.
You kill the kobold!
Vehumet accepts your kill.
The mystic blast hits the kobold brigand!
You kill the kobold brigand!
Vehumet accepts your kill.
You feel your power returning.
The mystic blast hits the kobold!
You kill the kobold!
Vehumet accepts your kill.
A gargoyle opens the door.
Okay, then.
You feel better.
The gargoyle hurls a stone arrow at you.
The stone arrow hits you!!
You die...

.##...###...##...#
@##..## #.###8...8
J###.# ..# ##...##
Z. ...
.###+.....+# .. ..
#.......# ..
#+.......+#
#...)8....#
+....)).+
#....@..#
#+.....9#
##+.+##!# ### # .
. . # .#


You could see a gargoyle.

Vanquished Creatures
  Maurice (D:7)
  Joseph (D:7)
  Grinder (D:3)
  A water moccasin (D:5)
  2 ice beasts (D:7)
  Duvessa (D:4)
  2 black bears (D:6)
  3 sky beasts (D:6)
  An ogre (D:5)
  A centaur (D:5)
  A kobold brigand (D:7)
  3 bullfrogs (D:6)
  4 scorpions
  2 gnoll sergeants
  Dowan (D:4)
  5 hounds
  2 orc priests
  2 centaur zombies (D:7)
  2 jellies
  Jessica (D:2)
  8 iguanas
  Terence (D:3)
  3 sleepcaps
  6 orc wizards
  A killer bee zombie (D:7)
  7 gnolls
  A river rat (D:5)
  6 adders
  2 ribbon worms
  2 dart slugs (D:1)
  15 orcs
  5 bats
  9 endoplasms
  5 giant cockroaches
  7 goblins
  5 hobgoblins
  5 jackals
  11 kobolds
  5 quokkas
  4 ball pythons
  7 frilled lizards
  6 rats
158 creatures vanquished.

Vanquished Creatures (others)
  14 fulminant prisms
14 creatures vanquished.

Grand Total: 172 creatures vanquished

Notes
Turn   | Place    | Note
-------+----------+-------------------------------------------
     0 | D:1      | groovy9 the Deep Elf Conjurer began the quest for the Orb.
     0 | D:1      | Reached XP level 1. HP: 10/10 MP: 6/6
   185 | D:1      | Reached XP level 2. HP: 15/15 MP: 5/8
   222 | D:1      | Learned a level 2 spell: Searing Ray
   380 | D:1      | Reached skill level 5 in Conjurations
   822 | D:1      | You fall into a shaft and drop 1 floor!
   919 | D:2      | Found a blossoming altar of Fedhas.
   989 | D:1      | Reached XP level 3. HP: 19/19 MP: 7/10
  1570 | D:2      | Noticed Jessica
  1572 | D:2      | Killed Jessica
  1573 | D:2      | Reached XP level 4. HP: 24/24 MP: 7/12
  1671 | D:2      | Learned a level 4 spell: Fulminant Prism
  1676 | D:2      | Learned a level 4 spell: Iskenderun's Mystic Blast
  1875 | D:3      | Reached skill level 6 in Conjurations
  2006 | D:3      | Found a broken altar of Ashenzari.
  2085 | D:3      | Reached XP level 5. HP: 28/28 MP: 11/14
  2465 | D:3      | Noticed Grinder
  2467 | D:3      | Paralysed by Grinder for 5 turns
  2481 | D:3      | Killed Grinder
  2482 | D:3      | Reached skill level 5 in Spellcasting
  2482 | D:3      | Reached skill level 7 in Conjurations
  2482 | D:3      | Reached XP level 6. HP: 31/32 MP: 1/16
  3001 | D:3      | Noticed Terence
  3006 | D:3      | Killed Terence
  3173 | D:4      | Found a hazy altar of Hepliaklqana.
  3187 | D:4      | Found an ancient bone altar of Kikubaaqudgha.
  3189 | D:4      | Found a hide-covered altar of Uskayaw.
  3190 | D:4      | Found an ornate altar of the Wu Jian Council.
  3533 | D:4      | Noticed Dowan
  3535 | D:4      | Noticed Duvessa
  3539 | D:4      | Killed Dowan
  3540 | D:4      | Reached skill level 8 in Conjurations
  3540 | D:4      | Reached XP level 7. HP: 36/36 MP: 9/18
  3545 | D:4      | Killed Duvessa
  3824 | D:4      | Found Bat Qoku's Weapon Shop.
  3881 | D:5      | Entered Level 5 of the Dungeon
  4010 | D:5      | Reached skill level 9 in Conjurations
  4251 | D:5      | Reached XP level 8. HP: 41/41 MP: 16/21
  4467 | D:5      | Identified the +5 chain mail "Dimiuxor" {^Contam rPois
                  | rC+++ Dex-4}
  4592 | D:5      | Reached skill level 10 in Conjurations
  5003 | D:5      | Found a staircase to the Ecumenical Temple.
  5009 | Temple   | Entered the Ecumenical Temple
  5048 | Temple   | Became a worshipper of Vehumet
  5266 | D:6      | Reached skill level 11 in Conjurations
  5551 | D:6      | Reached XP level 9. HP: 45/45 MP: 18/24
  6311 | D:7      | Found Gozag's Platinum Reserve.
  6311 | D:7      | Found an opulent altar of Gozag.
  6345 | D:7      | Noticed Maurice
  6353 | D:7      | Noticed Joseph
  6354 | D:7      | Reached * piety under Vehumet
  6354 | D:7      | Offered knowledge of Foxfire by Vehumet.
  6355 | D:7      | Reached skill level 10 in Spellcasting
  6355 | D:7      | Reached skill level 12 in Conjurations
  6359 | D:7      | HP: 2/45 [Joseph/sling bullet (13)]
  6564 | D:7      | Killed Joseph
  6565 | D:7      | Reached skill level 1 in Armour
  6584 | D:7      | Killed Maurice
  6705 | D:7      | Noticed a gargoyle
  6705 | D:7      | Killed from afar by a gargoyle

Illustrated notes

Levels and vault maps discovered:
D:1:      spicycebolla_arrival_risky_transporter, layout_rooms,
          nrook_mini_backslash, nicolae_eternal_life, wad_floor_pattern_1,
          nicolae_titane
D:2:      cheibrodos_helix_gallery, layout_basic, basic_altar, uniq_jessica
D:3:      minmay_door_path, layout_loops_ring, cheibrodos_ashenzari_chains,
          chequers_serial_rivers_large_a, uniq_terence, uniq_grinder
D:4:      layout_basic, grunt_temple_overflow_open, serial_shops, shop,
          uniq_duvessa
D:5:      layout_rooms, minmay_temple_entry_statues_pillars,
          mainiacjoe_sewer_entry_somewhere_in_here_2
D:6:      lemuel_ice_spiral_2, layout_basic
D:7:      cheibrodos_statue_roulette, layout_cave_pools,
          nicolae_gozag_zags_fifth_avenue, nicolae_ossuary_entry_monument,
          nicolae_lava_and_water, minmay_mini_ossuary, uniq_joseph, uniq_maurice
Temple:   hellmonk_temple_beads

Skill      XL: |  1  2  3  4  5  6  7  8  9 |
---------------+----------------------------+-----
Conjurations   | 5 6 7 8 9 11 12 | 12.7
Spellcasting   | 4 5 6 7 9 10 | 10.6
Armour         | 3 |  3.3
Dodging        | |  2.4
Stealth        | |  2.4

Action                     |  1- 3 |  4- 6 |  7- 9 || total
---------------------------+-------+-------+-------++-------
   Cast: Magic Dart        |    60 |    43 |    64 ||   167
         Searing Ray       |     3 |    18 |    57 ||    78
         Fulminant Prism   |       |     1 |    13 ||    14
         Iskenderun's Myst |       |       |    16 ||    16
    Use: Scroll            |       |       |     5 ||     5
         Potion            |       |       |     5 ||     5
 Armour: Robe              |     1 |     7 |    26 ||    34
  Dodge: Dodged            |     3 |     9 |    34 ||    46
